 Dungeon Crawl Stone Soup version 0.31-a0-233-g139696dc86 (webtiles) character file.

Game seed: 8628173541834841075

514 qw the Shooter (level 7, -8/57 (60) HPs)
             Began as a Minotaur Hexslinger on July 8, 2023.
             Mangled by a wight
             ... wielding a +3 scimitar
              (11 damage)
             ... on level 4 of the Dungeon.
             The game lasted 00:01:18 (2985 turns).

qw the Shooter (Minotaur Hexslinger)                Turns: 2985, Time: 00:01:19

HP:   -8/57 (60)    AC:  7    Str: 13    XL:     7   Next: 0%
MP:   7/7           EV: 11    Int: 10    God:
Gold: 228           SH:  0    Dex: 14    Spells: 7/8 levels left

rFire   . . .        Y - +1 sling
rCold   . . .        (no shield)
rNeg    . . .        g - +0 ring mail
rPois   .            (helmet restricted)
rElec   .            (no cloak)
rCorr   .            m - +0 pair of gloves
SInv    .            f - +0 pair of boots
Will    .....        (no amulet)
Stlth   +            (no ring)
HPRegen 0.29/turn    (no ring)
MPRegen 0.10/turn

%: no passive effects
@: drained
A: horns 2, retaliatory headbutt
a: no special abilities


You were on level 4 of the Dungeon.
You visited 1 branch of the dungeon, and saw 4 of its levels.

You collected 228 gold pieces.


Innate Abilities, Weirdness & Mutations

You have a pair of horns on your head.
You reflexively headbutt those who attack you in melee.


   Skills:
 - Level 4.5 Fighting
 - Level 7.0 Ranged Weapons
 + Level 1.5 Armour
 - Level 2.1 Dodging
 - Level 1.0 Spellcasting
 - Level 2.0 Hexes


You had 7 spell levels left.
You knew the following spells:

 Your Spells              Type           Power      Damage    Failure   Level
a - Slow                  Hex            16%        N/A       32%         1

Your spell library contained the following spells:

 Spells                   Type           Power      Damage    Failure   Level
 Inner Flame              Hex/Fire       2%         N/A       82%         3
 Portal Projectile        Hex/Tloc       4%         N/A       82%         3
 Cause Fear               Hex            2%         N/A       97%         4

Inventory:

Hand Weapons
 Y - a +1 sling (weapon)
Armour
 f - a +0 pair of boots (worn)
 g - a +0 ring mail (worn)
 m - a +0 pair of gloves (worn)
Jewellery
 a - a ring of magical power
 j - a ring of fire
 o - a ring of ice
Scrolls
 i - 2 scrolls of identify
Potions
 b - a potion of ambrosia {unknown}
 d - a potion of magic {unknown}
 e - a potion of lignification {unknown}
 h - a potion of heal wounds {unknown}
 k - 2 potions of enlightenment
 l - 2 potions of curing {unknown}
 n - a potion of haste {unknown}

Dungeon Overview and Level Annotations

Branches:
Dungeon (4/15)
 Temple: D:4-7

Altars:
Nemelex Xobeh
Uskayaw


Message History

Enter note: You shoot a sling bullet.
The sling bullet barely misses the adder zombie.
The adder zombie closely misses you. You furiously retaliate!
You headbutt the adder zombie! You shoot a sling bullet.
The sling bullet completely misses the adder zombie.
The adder zombie bites you but does no damage.
You shoot a sling bullet. The sling bullet hits the adder zombie!
You destroy the adder zombie!
You have reached level 7!
You open the door.
A wight comes into view. It is wielding a +3 scimitar.
Enter note:
Enter note:
Enter note:
Enter note:
Enter note:
Enter note: You shoot a sling bullet.
The sling bullet barely misses the wight.
The wight hits you with a +3 scimitar!
You shoot a sling bullet.
The sling bullet closely misses the wight.
The wight hits you with a +3 scimitar.
You shoot a sling bullet.
The sling bullet closely misses the wight.
The wight hits you with a +3 scimitar!
You feel drained.
You shoot a sling bullet.
The sling bullet hits the wight but does no damage.
The wight hits you with a +3 scimitar! The wight hits you with a +3 scimitar.
You feel drained.
You shoot a sling bullet. The sling bullet hits the wight.
The wight is lightly damaged.
The wight barely misses you.
You shoot a sling bullet.
The sling bullet hits the wight but does no damage.
The wight is lightly damaged.
The wight hits you with a +3 scimitar!
You die...

......#.# #.###### #.#
#####...#####.##...# #.#
...)..#.......##...###
#.#
.####...#####........#
#.# ## ##...............#
#.# ################# #.#
###### #.#.#.# #.# .....#
#####)#'#z#+#+#+ #.###
####.#
##..'....@.......####>..#
#.#
#..###'#'#+#+#+#+#....#.#
#.###.#8##.#.# #.##...#
#......######### #.###.##
######## #.###.# #.# #.#
#.....# #.# #.# #.#####
#.# #.# ## ########.#
###.###.## .. .........#
#.%......#


You could see a wight.

Vanquished Creatures
  A black bear (D:4)
  An ogre (D:4)
  A necrophage (D:4)
  A wight (D:4)
  A jelly (D:4)
  A hound zombie (D:4)
  3 gnolls (D:2)
  7 adders
  An adder zombie (D:4)
  A dart slug (D:4)
  8 endoplasms
  4 giant cockroaches
  9 hobgoblins
  6 jackals
  8 kobolds
  4 quokkas (D:1)
  11 ball pythons
  4 bats
  A frilled lizard (D:1)
  9 goblins
  9 rats
91 creatures vanquished.

Notes
Turn   | Place    | Note
-------+----------+-------------------------------------------
     0 | D:1      | qw the Minotaur Hexslinger began the quest for the Orb.
     0 | D:1      | Reached XP level 1. HP: 16/16 MP: 1/1
     0 | D:1      | 0 ||| qw: Version: 0.3-a-46-gb1f654a
     0 | D:1      | 0 ||| qw: Game counter: 3385
     0 | D:1      | 0 ||| qw: Melee chars always use a shield: true
     0 | D:1      | 0 ||| qw: God list: Okawaru
     0 | D:1      | 0 ||| qw: Allow faded altars: false
     0 | D:1      | 0 ||| qw: Do Orc after clearing Dungeon:15 true
     0 | D:1      | 0 ||| qw: Do second Lair branch before Depths: true
     0 | D:1      | 0 ||| qw: Lair rune preference: random
     0 | D:1      | 0 ||| qw: Goals: Normal
     0 | D:1      | 0 ||| PLANNING D:1-11
   114 | D:1      | Found a faded altar of an unknown god.
   145 | D:1      | 145 ||| DROPPING scroll of poison.
   153 | D:1      | Reached skill level 3 in Ranged Weapons
   436 | D:1      | Reached XP level 2. HP: 23/23 MP: 2/2
   910 | D:1      | 910 ||| UPGRADING to +0 pair of boots.
   915 | D:1      | 915 ||| UPGRADING to +0 leather armour.
   925 | D:1      | 925 ||| DROPPING +0 robe.
   926 | D:1      | 926 ||| READING scroll labelled FUEX QUJUZO.
   927 | D:1      | 927 ||| READING scroll labelled NAWIPL NERECW.
   960 | D:2      | Reached XP level 3. HP: 29/29 MP: 3/3
  1060 | D:2      | Reached skill level 4 in Ranged Weapons
  1084 | D:2      | 1084 ||| FLEEEEING.
  1086 | D:2      | 1086 ||| FLEEEEING.
  1087 | D:2      | 1087 ||| FLEEEEING.
  1160 | D:2      | Reached XP level 4. HP: 34/36 MP: 4/4
  1254 | D:2      | Reached skill level 5 in Ranged Weapons
  1599 | D:2      | 1599 ||| UPGRADING to +0 ring mail.
  1609 | D:2      | 1609 ||| DROPPING +0 leather armour.
  1844 | D:3      | Reached skill level 1 in Armour
  1866 | D:3      | Reached XP level 5. HP: 40/44 MP: 5/5
  2007 | D:3      | Found a hide-covered altar of Uskayaw.
  2131 | D:3      | Reached skill level 3 in Fighting
  2176 | D:3      | 2176 ||| UPGRADING to +0 pair of gloves.
  2181 | D:3      | 2181 ||| READING 3 scrolls labelled UQOROA IREIHI.
  2182 | D:3      | 2182 ||| DRINKING 2 golden potions.
  2183 | D:3      | 2183 ||| DRINKING 2 clear potions.
  2184 | D:3      | 2184 ||| READING 2 scrolls of identify.
  2184 | D:3      | 2184 ||| IDENTIFYING emerald potion
  2185 | D:3      | 2185 ||| DROPPING potion of invisibility.
  2186 | D:3      | 2186 ||| DROPPING potion of brilliance.
  2354 | D:4      | Noticed an ogre
  2366 | D:4      | Killed an ogre
  2367 | D:4      | Reached skill level 6 in Ranged Weapons
  2367 | D:4      | Reached XP level 6. HP: 35/51 MP: 6/6
  2431 | D:4      | Found a sparkling altar of Nemelex Xobeh.
  2861 | D:4      | Reached skill level 7 in Ranged Weapons
  2977 | D:4      | Reached XP level 7. HP: 60/60 MP: 7/7
  2983 | D:4      | HP: 8/58 [wight/+3 scimitar (17)]
  2983 | D:4      | HP: 2/57 [wight/+3 scimitar (2)]
  2985 | D:4      | Mangled by a wight

Levels and vault maps discovered:
D:1:      grunt_arrival_lava_bath, layout_loops_corners,
          shapermc_ecumenical_altar_gd
D:2:      layout_rooms
D:3:      layout_basic, mainiacjoe_overflow_surrounded_room
D:4:      layout_loops_ring, nemelex_diamond_rough_becter,
          lemuel_mausoleum_altar_yredelemnul

Skill      XL: |  1  2  3  4  5  6 |
---------------+-------------------+-----
Ranged Weapons | 3 4 5 6 7 |  7.0
Fighting       | 2 3 4 |  4.5
Armour         | 1 |  1.5
Dodging        | |  2.1
Spellcasting   | |  1.0
Hexes          | |  2.0

Action                     |  1- 3 |  4- 6 |  7- 9 || total
---------------------------+-------+-------+-------++-------
   Fire: Sling             |   106 |   201 |     6 ||   313
    Use: Scroll            |     2 |     2 |       ||     4
         Potion            |       |     2 |       ||     2
 Armour: Robe              |     7 |       |       ||     7
         Leather armour    |     7 |     6 |       ||    13
         Ring mail         |       |    39 |       ||    39
  Dodge: Dodged            |    31 |    78 |     1 ||   110

Table legend:
 A = Non-vault XP
 B = Vault XP
 C = Vault XP percentage of total XP
 D = Non-vault monster count
 E = Vault monster count
 F = Vault count percentage of total count
                 A         B        C        D         E       F
            +---------+---------+-------+---------+---------+-------
      Total |     550 |     185 |  25.2 |      87 |       4 |   4.4
            +---------+---------+-------+---------+---------+-------
        D:1 |      40 |       0 |   0.0 |      26 |       0 |   0.0
        D:2 |     130 |       0 |   0.0 |      34 |       0 |   0.0
        D:3 |      37 |       0 |   0.0 |      15 |       0 |   0.0
        D:4 |     343 |     185 |  35.0 |      12 |       4 |  25.0
            +---------+---------+-------+---------+---------+-------
